 Dungeon Crawl Stone Soup version 0.25.0-11-g1f837a76a1 (webtiles) character file.

Game seed: 1298512086557255364

410 Delamore the Skirmisher (level 6, -3/41 HPs)
             Began as a Gargoyle Fighter on June 27, 2020.
             Was a Follower of Okawaru.
             Slain by r0y's ghost (5 damage)
             ... on level 4 of the Dungeon.
             The game lasted 00:03:31 (3822 turns).

Delamore the Skirmisher (Gargoyle Fighter)          Turns: 3822, Time: 00:03:32

Health: -3/41      AC: 15    Str: 21    XL:     6   Next: 89%
Magic:  6/6        EV:  5    Int:  9    God:    Okawaru [*.....]
Gold:   218        SH:  9    Dex:  9    Spells: 5/5 levels left

rFire    + . .     SeeInvis .   i - +0 whip
rCold    . . .     Gourm    .   c - +0 kite shield
rNeg     + . .     Faith    .   j - +0 chain mail (curse)
rPois    ∞         Spirit   .   (no helmet)
rElec    +         Reflect  .   (no cloak)
rCorr    .         Harm     .   k - +0 pair of gloves
MR       .....                  p - +0 pair of boots
Stlth    ..........             (no amulet)
HPRegen  0.13/turn              u - ring of protection from fire
MPRegen  0.10/turn              (no ring)

@: brilliant
A: negative energy resistance 1, electricity resistance, unbreathing,
petrification resistance, rot immunity, AC +4
a: Heroism, Renounce Religion


You were on level 4 of the Dungeon.
You worshipped Okawaru.
Okawaru was aware of your devotion.
You were not hungry.

You visited 1 branch of the dungeon, and saw 4 of its levels.

You collected 218 gold pieces.

Inventory:

Hand Weapons
 a - a +0 flail
 i - a +0 whip (weapon)
Missiles
 g - 30 poisoned darts (quivered)
Armour
 b - a +0 scale mail
 c - a +0 kite shield (worn)
 j - a cursed +0 chain mail (worn)
 k - a +0 pair of gloves (worn)
 p - a +0 pair of boots (worn)
Jewellery
 u - a ring of protection from fire (left hand)
Scrolls
 e - 7 scrolls of identify {unknown}
 h - 3 scrolls of enchant weapon {unknown}
 l - 2 scrolls of amnesia {unknown}
 o - 2 scrolls of magic mapping {unknown}
 q - a scroll of blinking {unknown}
 t - 2 scrolls of noise {unknown}
 w - a scroll of random uselessness {unknown}
Potions
 d - a potion of might
 m - a potion of heal wounds {unknown}
 n - 2 potions of curing
 r - 2 potions of brilliance
 s - a potion of mutation {unknown}
 v - a potion of cancellation {unknown}
Comestibles
 f - 12 rations


   Skills:
 + Level 6.2 Fighting
 + Level 5.1 Maces & Flails
 - Level 3.2 Armour
 - Level 3.2 Shields


You had 5 spell levels left.
You didn't know any spells.
Your spell library was empty.

Dungeon Overview and Level Annotations

Branches:
Dungeon (4/15)
 Temple: D:4-7

Altars:
Okawaru
Ru

Annotations:
D:4 r0y's ghost, novice HOFi


Innate Abilities, Weirdness & Mutations

You are resistant to torment.
Your stone body is resilient. (AC +4)
You are immune to poison.
You resist negative energy. (rN+)
You are resistant to electric shocks. (rElec)
You can survive without breathing.
You are immune to petrification.
You are immune to rotting.


Message History

You are too injured to fight recklessly!
You hit r0y's ghost but do no damage.
R0y's ghost is heavily damaged.
R0y's ghost hits you.
* * * LOW HITPOINT WARNING * * *
You completely miss r0y's ghost.
R0y's ghost is heavily damaged.
You block r0y's ghost's attack.
It was a potion of curing.
You feel better. R0y's ghost hits you.
You barely miss r0y's ghost.
R0y's ghost is heavily damaged.
R0y's ghost hits you!
* * * LOW HITPOINT WARNING * * *
You hit r0y's ghost but do no damage.
R0y's ghost is heavily damaged.
R0y's ghost hits you but does no damage.
It was a potion of brilliance.
You feel clever all of a sudden. R0y's ghost hits you.
You die...

.# ##.....####.#### #.#
#.# .#
#..#.<........###.####.###
.#
#....####.#..............#
.#####.#.##
#...#.###.####.#.#
.#.....#.# #####.# #.#
#.#.# .#.#####.# #.# #.#
#.#.# .#.# #.#
#####.###.####.#.# ...#
#.# #♣.#..............###
.### .#
#8?W@..###.####......
.###### .# #♣.#.......#
####### ......#
###.#.##### #####.# ..#.#
# # #..#.# .. #..#.# #.#
#..#.# #.# ..... . #.###.#
#... ..


You could see r0y's ghost.

Vanquished Creatures
  3 wights (D:2)
  A hound (D:4)
  A worker ant (D:4)
  11 adders
  4 gnolls
  3 worms (D:2)
  A dart slug (D:1)
  3 leopard geckos
  2 orcs
  8 bats
  7 giant cockroaches
  11 goblins
  7 hobgoblins
  2 jackals (D:3)
  6 kobolds
  5 quokkas
  A ball python (D:4)
  7 frilled lizards
  5 rats
88 creatures vanquished.

Notes
Turn   | Place    | Note
-------+----------+-------------------------------------------
     0 | D:1      | Delamore the Gargoyle Fighter began the quest for the Orb.
     0 | D:1      | Reached XP level 1. HP: 14/14 MP: 1/1
   169 | D:1      | Reached XP level 2. HP: 19/19 MP: 2/2
   851 | D:1      | Reached skill level 4 in Fighting
   851 | D:1      | Reached XP level 3. HP: 23/24 MP: 3/3
  1217 | D:1      | Reached XP level 4. HP: 14/30 MP: 4/4
  1730 | D:2      | Found an iron altar of Okawaru.
  1756 | D:2      | Became a worshipper of Warmaster Okawaru
  1825 | D:2      | Reached skill level 5 in Fighting
  1825 | D:2      | Reached XP level 5. HP: 25/35 MP: 5/5
  1889 | D:2      | Reached XP level 6. HP: 10/40 MP: 6/6
  3162 | D:3      | Reached skill level 6 in Fighting
  3397 | D:4      | Reached skill level 5 in Maces & Flails
  3471 | D:4      | Found a sacrificial altar of Ru.
  3597 | D:4      | Reached * piety under Okawaru
  3695 | D:4      | Found a runed translucent door.
  3772 | D:4      | Noticed r0y's ghost (novice HOFi)
  3820 | D:4      | HP: 2/41 [r0y's ghost (15)]
  3822 | D:4      | Slain by r0y's ghost

Illustrated notes

Levels and vault maps discovered:
D:1:      lemuel_arrival_tunnels, layout_basic
D:2:      layout_loops_ring, okawaru_trees_2
D:3:      layout_rooms, first_ration
D:4:      layout_loops_ring, kennysheep_ying_yang, old_standard_altar,
          gammafunk_ghost_grave

Skill      XL: |  1  2  3  4  5  6 |
---------------+-------------------+-----
Fighting       | 4 5 6 |  6.2
Maces & Flails | 3 4 5 |  5.1
Armour         | |  3.2
Shields        | |  3.2

Action                   |  1- 3 |  4- 6 || total
-------------------------+-------+-------++-------
Melee: Flail             |    27 |       ||    27
       Whip              |    87 |   505 ||   592
Invok: Heroism           |       |     1 ||     1
  Use: Potion            |       |     2 ||     2
  Eat: Chunk             |     1 |     9 ||    10
Armor: Scale mail        |    27 |       ||    27
       Chain mail        |    34 |   332 ||   366
Dodge: Dodged            |    31 |    97 ||   128
Block: Kite shield       |    61 |   272 ||   333
